 Dungeon Crawl Stone Soup version 0.17.2-1-ge4368a0 (webtiles) character file.

1185 magipi the Carver (level 8, -6/72 HPs)
             Began as a Deep Elf Berserker on Nov 30, 2016.
             Was a Priest of Trog.
             Mangled by an orc warrior
             ... wielding a cursed +0 dire flail
              (19 damage)
             ... on level 6 of the Dungeon.
             The game lasted 00:19:00 (6854 turns).

magipi the Carver (Deep Elf Berserker)              Turns: 6854, Time: 00:19:00

Health: -6/72      AC: 10    Str: 20    XL:     8   Next: 19%
Magic:  10/10      EV: 12    Int: 13    God:    Trog [***...]
Gold:   238        SH:  0    Dex: 15    Spells: 0 memorised, 7 levels left

rFire  . . .     SeeInvis .     a - +0 falchion
rCold  . . .     Clarity  .     H - +0 ring mail of Evolution {rN+ Slay+2}
rNeg   + . .     SustAt   .     (no shield)
rPois  .         Gourm    +     j - +1 helmet
rElec  .         Spirit   .     n - +2 cloak
rCorr  .         Warding  .     (no gloves)
rMut   .         Stasis   .     (no boots)
MR     .....                    i - amulet of the gourmand
Stlth  ..........               (no ring)
                                (no ring)

@: berserking, very quick, not resistant to hostile enchantments, extremely
unstealthy
A: no striking features
a: Berserk, Trog's Hand, Burn Spellbooks, Renounce Religion


You were on level 6 of the Dungeon.
You worshipped Trog.
Trog was most pleased with you.
You were completely stuffed.

You visited 1 branch of the dungeon, and saw 6 of its levels.

You collected 238 gold pieces.

Inventory:

Hand Weapons
 a - a +0 falchion (weapon)
Missiles
 b - 2 tomahawks (quivered)
 h - 2 throwing nets
Armour
 j - a +1 helmet (worn)
 n - a +2 cloak (worn)
 H - the +0 ring mail of Evolution (worn) {rN+ Slay+2}
   (You found it on level 5 of the Dungeon)

   It affects your accuracy and damage with ranged weapons and melee attacks
   (+2).
   It protects you from negative energy.
Jewellery
 i - an amulet of the gourmand (around neck)
 C - an uncursed amulet of regeneration {unknown}
Wands
 t - a wand of paralysis (17)
 E - a wand of paralysis (13)
 F - a wand of slowing (26)
 G - a wand of cold (10)
 J - a wand of teleportation (5)
Scrolls
 d - a scroll of enchant armour
 e - a scroll of recharging
 f - 2 scrolls of fear
 s - a scroll of remove curse {unknown}
 u - 2 scrolls of teleportation {unknown}
 y - a scroll of magic mapping
 A - 2 scrolls of random uselessness {unknown}
 D - a scroll of enchant weapon {unknown}
Potions
 g - 2 potions of flight
 k - 2 potions of berserk rage {unknown}
 m - a potion of beneficial mutation {unknown}
 p - 2 potions of curing
 q - a potion of invisibility {unknown}
 r - 2 potions of might {unknown}
 z - a potion of heal wounds {unknown}
 B - a potion of brilliance {unknown}
Books
 o - a book of Minor Magic

   Spells                             Type                      Level
   a - Magic Dart                     Conjuration                  1
   b - Blink                          Translocation                2
   c - Call Imp                       Summoning                    2
   d - Repel Missiles                 Charms/Air                   2
   e - Slow                           Hexes                        2
   f - Conjure Flame                  Conjuration/Fire             3
   g - Mephitic Cloud                 Conjuration/Poison/Air       3
   Trog disapproves of the use of such an item.
 I - a book of Hinderance

   Spells                             Type                      Level
   a - Confusing Touch                Hexes                        2
   b - Confuse                        Hexes                        3
   c - Gell's Gravitas                Hexes/Translocation          3
   d - Petrify                        Transmutation/Earth          4
   e - Metabolic Englaciation         Hexes/Ice                    5
   Trog disapproves of the use of such an item.
Comestibles
 c - 3 bread rations
 l - a meat ration
 v - a royal jelly
 w - 7 fruits
 x - a slice of pizza


   Skills:
 + Level 4.3 Fighting
 + Level 8.5 Long Blades
 - Level 1.5 Armour
 - Level 2.4 Dodging


You had 7 spell levels left.
You didn't know any spells.

Dungeon Overview and Level Annotations

Branches:
Dungeon (6/15)             Temple (0/1) D:4

Altars:
Dithmenos
Yredelemnul


Message History

HP restored.
Found a spear.
Found a stone staircase leading up.
There is a stone staircase leading up here.
You climb upwards.
There is a stone staircase leading down here.
You climb downwards.
There is a stone staircase leading up here.
Things that are here:
19 arrows; an enchanted shortbow
Found a stone staircase leading up.
There is a stone staircase leading up here.
You climb upwards.
A ball python comes into view.
There is a stone staircase leading down here.
The ball python bites you. The ball python grabs you.
The ball python constricts you.
You escape the ball python's grasp.
Unknown command.
The ball python closely misses you. The ball python barely misses you.
You closely miss the ball python.
The ball python bites you but does no damage.
The ball python grabs you. The ball python constricts you.
You hit the ball python.
The ball python is severely wounded.
The ball python bites you but does no damage.
The ball python constricts you.
You slash the ball python!
You kill the ball python!
Trog accepts your kill.
You see here a ball python corpse.
You butcher the ball python corpse.
K - 3 chunks of flesh You see here a ball python skeleton.
There is a stone staircase leading down here.
You climb downwards.
There is a stone staircase leading up here.
(D) Dungeon (T) Temple
Where to? (Enter - D:5, ? - help)
What level of the Dungeon? (default 1, ? - help) Eating one of 3 chunks of flesh.
This raw flesh tastes great.
You continue eating. x2
Eating one of 2 chunks of flesh.
This raw flesh tastes great.
You continue eating. x2
There is a stone staircase leading down here.
You climb downwards.
There is a stone staircase leading up here.
You open the door.
There is an open door here.
You open the door.
There is an open door here.
You open the door.
Found two stone staircases leading down.
There is an open door here.
Found a brown potion.
You now have 238 gold pieces (gained 12).
Eating a chunk of flesh.
This raw flesh tastes great.
You continue eating. x2
k - 2 brown potions (gained 1) As you open the door, it creaks loudly!
There is an open door here.
You open the door.
An orc warrior and an orc priest come into view.
The orc warrior shouts!
The orc priest shouts!
An orc comes into view. It is wielding a hand axe.
There is an open door here.
There is an open door here.
You slash the orc priest!
The orc priest is heavily wounded.
The orc priest hits you but does no damage.
You hit the orc priest.
The orc priest is severely wounded.
The orc priest hits you but does no damage.
You hit the orc priest.
You kill the orc priest!
Trog accepts your kill.
You see here a dagger.
There is an open door here.
You barely miss the orc warrior.
The orc warrior hits you with a dire flail.
You see here a dagger.
There is an open door here.
The orc warrior hits you with a dire flail!
The orc warrior hits you with a dire flail!
You hit the orc warrior.
The orc warrior is lightly wounded.
The orc warrior closely misses you.
You closely miss the orc warrior.
The orc warrior is lightly wounded.
You closely miss the orc warrior.
The orc warrior is lightly wounded.
The orc warrior hits you with a dire flail.
You slash the orc warrior!
The orc warrior is heavily wounded.
The orc warrior hits you with a dire flail!
* * * LOW HITPOINT WARNING * * *
A red film seems to cover your vision as you go berserk!
You feel yourself moving faster!
You feel mighty!
You feel somewhat less full.
The orc warrior hits you with a dire flail!!
You die...

###...............>..
+..................
#..................
#..................
##+########'##+##.
#........# +........#
# ##..###o.#
##.###..###@.#
.........#..>+
.........#...#
#########..######
###..##..###'###..#
..................#
..................#
..................#
...........<......#


You could see an orc warrior.

Vanquished Creatures
  Sigmund (D:3)
  An ogre (D:4)
  2 centaurs (D:5)
  3 scorpions (D:5)
  3 jellies (D:5)
  2 giant frog skeletons
  Crazy Yiuf (D:2)
  5 worker ants
  3 orc priests
  A hound (D:5)
  An orc wizard (D:5)
  A worker ant zombie (D:5)
  2 adders (D:2)
  2 gnolls (D:4)
  An ooze (D:3)
  7 giant geckos
  8 orcs
  2 ball pythons
  6 giant cockroaches
  9 goblins
  10 hobgoblins
  11 jackals
  5 kobolds
  A quokka (D:4)
  A ball python zombie (D:5)
  8 bats
  A giant cockroach zombie (D:5)
  3 giant newts
  A quokka zombie (D:4)
  6 rats
108 creatures vanquished.

Notes
Turn   | Place    | Note
--------------------------------------------------------------
     0 | D:1      | magipi the Deep Elf Berserker began the quest for the Orb.
     0 | D:1      | Reached XP level 1. HP: 13/13 MP: 3/3
   241 | D:1      | Reached skill level 3 in Long Blades
   290 | D:1      | Reached XP level 2. HP: 18/18 MP: 4/4
  1281 | D:1      | Reached ** piety under Trog
  1281 | D:1      | Reached XP level 3. HP: 11/22 MP: 5/5
  2038 | D:2      | Reached skill level 4 in Long Blades
  2578 | D:2      | Reached XP level 4. HP: 27/27 MP: 6/6
  2887 | D:2      | Noticed Crazy Yiuf
  2892 | D:2      | Killed Crazy Yiuf
  3140 | D:3      | Reached skill level 5 in Long Blades
  3161 | D:3      | Noticed Sigmund
  3237 | D:4      | Reached XP level 5. HP: 31/31 MP: 7/7
  3452 | D:4      | Found a staircase to the Ecumenical Temple.
  3748 | D:3      | Killed Sigmund
  3748 | D:3      | Reached skill level 6 in Long Blades
  3748 | D:3      | Reached XP level 6. HP: 36/36 MP: 8/8
  4022 | D:4      | Found a basalt altar of Yredelemnul.
  4324 | D:4      | Reached *** piety under Trog
  4484 | D:4      | Noticed an ogre
  4498 | D:4      | Killed an ogre
  4498 | D:4      | Reached skill level 7 in Long Blades
  4816 | D:4      | Reached XP level 7. HP: 28/40 MP: 9/9
  4971 | D:5      | Entered Level 5 of the Dungeon
  5060 | D:5      | Got a smelly ring mail
  5092 | D:4      | Identified the +0 ring mail of Evolution {rN+ Slay+2} (You found it on level 5 of the Dungeon)
  5764 | D:5      | Reached skill level 8 in Long Blades
  6210 | D:5      | Found a shadowy altar of Dithmenos.
  6225 | D:5      | Reached XP level 8. HP: 48/48 MP: 10/10
  6854 | D:6      | Mangled by an orc warrior

Action                   |  1- 3 |  4- 6 |  7- 9 || total
-------------------------+-------+-------+-------++-------
Melee: Falchion          |   168 |   174 |   139 ||   481
Throw: Tomahawk          |       |     3 |       ||     3
Invok: Berserk           |     2 |     7 |     5 ||    14
       Trog's Hand       |       |     1 |       ||     1
  Use: Scroll            |       |     8 |       ||     8
  Eat: Chunk             |     6 |    20 |    17 ||    43
       Beef jerky        |       |     2 |       ||     2

Action                   |  1- 3 |  4- 6 |  7- 9 || total
-------------------------+-------+-------+-------++-------
Melee: Falchion          |   168 |   174 |   139 ||   481
Throw: Tomahawk          |       |     3 |       ||     3
Invok: Berserk           |     2 |     7 |     5 ||    14
       Trog's Hand       |       |     1 |       ||     1
  Use: Scroll            |       |     8 |       ||     8
  Eat: Chunk             |     6 |    20 |    17 ||    43
       Beef jerky        |       |     2 |       ||     2
